AA
EAGLE RIVER FAT BOYS @ CHARLESTON REBELS
04/14/2060
 
TOP OF THE 1ST
Charleston Rebels batting - Pitching for Eagle River Fat Boys : RHP Sylvester Kim
Pitching: RHP Sylvester Kim
Batting: LHB Devin Clark 0-0: Ground out 2-3 (Groundball, 2L, EV 71.2 MPH)
Batting: LHB Felton Kirt 0-0: Ball
1-0: Swinging Strike
1-1: Ball
2-1: Ground out U3 (Groundball, 3, EV 76.9 MPH)
Batting: RHB Marcus Fahr 0-0: Ball
1-0: Ball
2-0: Foul Ball, location: 2F
2-1: Ground out 5-3 (Groundball, 56, EV 99.4 MPH)
Top of the 1st over - 0 runs, 0 hits, 0 errors, 0 left on base; Charleston 0 - Eagle River 0
BOTTOM OF THE 1ST
Eagle River Fat Boys batting - Pitching for Charleston Rebels : RHP Brendan Horstman
Pitching: RHP Brendan Horstman
Batting: RHB Melville Axon 0-0: Called Strike
0-1: Called Strike
0-2: Ball
1-2: Strikes out looking
Batting: RHB Phil Radil 0-0: Ball
1-0: Called Strike
1-1: Called Strike
1-2: Strikes out swinging
Batting: LHB Logan Devlin 0-0: Called Strike
0-1: Foul Ball, location: 2F
0-2: TRIPLE (Line Drive, 89XD, EV 105.0 MPH)
Batting: RHB Braden Keane 0-0: Ball
1-0: Swinging Strike
1-1: Swinging Strike
1-2: Ball
2-2: Ball
3-2: Base on Balls
Batting: SHB Stanford Morris 0-0: Ball
1-0: Called Strike
1-1: Foul Ball, location: 2F
1-2: Strikes out swinging
Bottom of the 1st over - 0 runs, 1 hit, 0 errors, 2 left on base; Charleston 0 - Eagle River 0
TOP OF THE 2ND
Charleston Rebels batting - Pitching for Eagle River Fat Boys : RHP Sylvester Kim
Batting: LHB Chance Sprenkle 0-0: Called Strike
0-1: Ground out 6-3 (Groundball, 6, EV 78.8 MPH)
Batting: LHB Nicholas Murphy 0-0: SINGLE (Line Drive, 7LS, EV 102.5 MPH)
Batting: LHB Roman Averette 0-0: Ball
1-0: Called Strike
1-1: Swinging Strike
1-2: Grounds into double play, 4-6-3 (Groundball, 4, EV 107.5 MPH)
Top of the 2nd over - 0 runs, 1 hit, 0 errors, 0 left on base; Charleston 0 - Eagle River 0
BOTTOM OF THE 2ND
Eagle River Fat Boys batting - Pitching for Charleston Rebels : RHP Brendan Horstman
Batting: RHB Corey Benson 0-0: Called Strike
0-1: Ball
1-1: Foul Ball, location: 2F
1-2: Ball
2-2: Ball
3-2: Base on Balls
Batting: LHB Ben Brock 0-0: Swinging Strike
0-1: Swinging Strike
0-2: Strikes out swinging
Batting: RHB Donovan Doyle 0-0: Ball
1-0: Foul Ball, location: 2F
1-1: Swinging Strike
1-2: Strikes out swinging
Corey Benson is caught stealing 2nd base 2-4
Batter strikes out.
Bottom of the 2nd over - 0 runs, 0 hits, 0 errors, 0 left on base; Charleston 0 - Eagle River 0
TOP OF THE 3RD
Charleston Rebels batting - Pitching for Eagle River Fat Boys : RHP Sylvester Kim
Batting: RHB Seth Meinhart 0-0: Ball
1-0: Ball
2-0: Ground out 3-1 (Groundball, 13, EV 80.0 MPH)
Batting: RHB Killian Gachukia 0-0: Ball
1-0: Called Strike
1-1: Foul Ball, location: 2F
1-2: Ball
2-2: Foul Ball, location: 2F
2-2: Ground out 6-3 (Groundball, 6, EV 87.5 MPH)
Batting: RHB Nathaniel Wade 0-0: Swinging Strike
0-1: Swinging Strike
0-2: Strikes out swinging
Top of the 3rd over - 0 runs, 0 hits, 0 errors, 0 left on base; Charleston 0 - Eagle River 0
BOTTOM OF THE 3RD
Eagle River Fat Boys batting - Pitching for Charleston Rebels : RHP Brendan Horstman
Batting: RHB Andy Hall 0-0: Called Strike
0-1: SINGLE (Line Drive, 3D, EV 97.5 MPH)
Batting: RHB Melville Axon 0-0: Called Strike
0-1: Called Strike
Andy Hall steals 2nd base
0-2: DOUBLE (Line Drive, 7LM, EV 102.5 MPH)
Andy Hall scores
Batting: RHB Phil Radil 0-0: Ball
1-0: Fly out, F9 (Flyball, 89S, EV 82.5 MPH)
Batting: LHB Logan Devlin 0-0: Called Strike
0-1: Ball
Melville Axon steals 3rd base (no throw)
1-1: Foul Ball, location: 2F
1-2: Foul Ball, location: 2F
1-2: Strikes out swinging
Batting: RHB Braden Keane 0-0: Ball
1-0: Called Strike
1-1: Ball
2-1: Foul Ball, location: 2F
2-2: Ball
3-2: Base on Balls
Batting: SHB Stanford Morris 0-0: Swinging Strike
0-1: Swinging Strike
0-2: Foul Ball, location: 2F
0-2: Ball
1-2: Ground out 4-3 (Groundball, 4, EV 80.0 MPH)
Bottom of the 3rd over - 1 run, 2 hits, 0 errors, 2 left on base; Charleston 0 - Eagle River 1
TOP OF THE 4TH
Charleston Rebels batting - Pitching for Eagle River Fat Boys : RHP Sylvester Kim
Batting: LHB Devin Clark 0-0: Called Strike
0-1: Ground out U3 (Groundball, 34, EV 82.5 MPH)
Batting: LHB Felton Kirt 0-0: Called Strike
0-1: Swinging Strike
0-2: Ball
1-2: Ball
2-2: Strikes out swinging
Batting: RHB Marcus Fahr 0-0: Called Strike
0-1: Foul Ball, location: 2F
0-2: Ball
1-2: Strikes out swinging
Top of the 4th over - 0 runs, 0 hits, 0 errors, 0 left on base; Charleston 0 - Eagle River 1
BOTTOM OF THE 4TH
Eagle River Fat Boys batting - Pitching for Charleston Rebels : RHP Brendan Horstman
Batting: RHB Corey Benson 0-0: Called Strike
0-1: Foul Ball, location: 2F
0-2: Strikes out swinging
Batting: LHB Ben Brock 0-0: Foul Ball, location: 2F
0-1: Foul Ball, location: 2F
0-2: Strikes out swinging
Batting: RHB Donovan Doyle 0-0: Swinging Strike
0-1: Fly out, F7 (Flyball, 78S, EV 90.0 MPH)
Bottom of the 4th over - 0 runs, 0 hits, 0 errors, 0 left on base; Charleston 0 - Eagle River 1
TOP OF THE 5TH
Charleston Rebels batting - Pitching for Eagle River Fat Boys : RHP Sylvester Kim
Batting: LHB Chance Sprenkle 0-0: Foul Ball, location: 2F
0-1: Swinging Strike
0-2: Strikes out swinging
Batting: LHB Nicholas Murphy 0-0: Called Strike
0-1: Called Strike
0-2: Fly out, F8 (Flyball, 8LS, EV 90.6 MPH)
Batting: LHB Roman Averette 0-0: Ball
1-0: Called Strike
1-1: Ball
2-1: Ball
3-1: Foul Ball, location: 2F
3-2: Foul Ball, location: 2F
3-2: SINGLE (Line Drive, 56D, EV 102.5 MPH)
Batting: RHB Seth Meinhart 0-0: Called Strike
0-1: Ball
Roman Averette steals 2nd, throwing error, E2
Roman Averette to third
1-1: Foul Ball, location: 2F
1-2: Foul Ball, location: 2F
1-2: Ground out U3 (Groundball, 3S, EV 77.5 MPH)
Top of the 5th over - 0 runs, 1 hit, 1 error, 1 left on base; Charleston 0 - Eagle River 1
BOTTOM OF THE 5TH
Eagle River Fat Boys batting - Pitching for Charleston Rebels : RHP Brendan Horstman
Batting: RHB Andy Hall 0-0: Ground out 5-3 (Groundball, 56, EV 91.9 MPH)
Batting: RHB Melville Axon 0-0: Ball
1-0: SINGLE (Groundball, 6, EV 102.5 MPH)
Batting: RHB Phil Radil 0-0: Ball
1-0: Fielders Choice at 2nd, 6-4 (Groundball, 6, EV 87.5 MPH)
Batting: LHB Logan Devlin 0-0: Ball
Phil Radil is caught stealing 2nd base 2-6
Bottom of the 5th over - 0 runs, 1 hit, 0 errors, 0 left on base; Charleston 0 - Eagle River 1
TOP OF THE 6TH
Charleston Rebels batting - Pitching for Eagle River Fat Boys : RHP Sylvester Kim
Batting: RHB Killian Gachukia 0-0: Foul Ball, location: 2F
0-1: Ball
1-1: Swinging Strike
1-2: Ball
2-2: Foul Ball, location: 2F
2-2: Ball
3-2: Strikes out swinging
Batting: RHB Nathaniel Wade 0-0: Ball
1-0: DOUBLE (Line Drive, 9LD, EV 103.8 MPH)
Batting: LHB Devin Clark 0-0: Swinging Strike
0-1: Foul Ball, location: 2F
0-2: Ball
1-2: Foul Ball, location: 2F
1-2: Foul Ball, location: 2F
1-2: Ball
2-2: DOUBLE (Line Drive, 7LS, EV 101.9 MPH)
Nathaniel Wade scores
Batting: LHB Felton Kirt 0-0: Called Strike
0-1: Ball
1-1: Foul Ball, location: 2F
1-2: Ground out 5-3 (Groundball, 56S, EV 83.1 MPH)
Batting: RHB Marcus Fahr 0-0: Ball
1-0: Swinging Strike
1-1: Swinging Strike
1-2: SINGLE (Line Drive, 89S, EV 93.8 MPH)
Devin Clark to third
Runner from 3rd tries for Home, throw by RF and OUT! 9-2
Top of the 6th over - 1 run, 3 hits, 0 errors, 1 left on base; Charleston 1 - Eagle River 1
BOTTOM OF THE 6TH
Eagle River Fat Boys batting - Pitching for Charleston Rebels : RHP Brendan Horstman
Batting: LHB Logan Devlin 0-0: Ball
1-0: Called Strike
1-1: Ball
2-1: Fly out, F8 (Flyball, 8RD, EV 89.4 MPH)
Batting: RHB Braden Keane 0-0: Ball
1-0: Foul Ball, location: 2F
1-1: Ball
2-1: Ball
3-1: Called Strike
3-2: DOUBLE (Line Drive, 89XD, EV 98.8 MPH)
Batting: SHB Stanford Morris 0-0: Ball
1-0: Ball
2-0: Foul Ball, location: 2F
2-1: DOUBLE (Line Drive, 7LS, EV 113.8 MPH)
Braden Keane scores
Batting: RHB Corey Benson 0-0: Ball
1-0: DOUBLE (Line Drive, 89M, EV 112.5 MPH)
Stanford Morris scores
Batting: LHB Ben Brock 0-0: Called Strike
0-1: Ball
1-1: Swinging Strike
1-2: Ball
2-2: Foul Ball, location: 2F
2-2: Strikes out looking
Batting: RHB Donovan Doyle 0-0: Ball
1-0: Ball
2-0: Ball
3-0: Base on Balls
Pitching: RHP Payton Goodwin
Batting: RHB Andy Hall 0-0: Ball
1-0: Ground out 5-3 (Groundball, 56S, EV 76.2 MPH)
Bottom of the 6th over - 2 runs, 3 hits, 0 errors, 2 left on base; Charleston 1 - Eagle River 3
TOP OF THE 7TH
Charleston Rebels batting - Pitching for Eagle River Fat Boys : RHP Sylvester Kim
Batting: LHB Chance Sprenkle 0-0: Ball
1-0: Swinging Strike
1-1: Swinging Strike
1-2: Foul Ball, location: 2F
1-2: Strikes out swinging
Batting: LHB Nicholas Murphy 0-0: Called Strike
0-1: Ball
1-1: Fly out, F7 (Flyball, 7S, EV 86.9 MPH)
Batting: LHB Roman Averette 0-0: Ball
1-0: Foul Ball, location: 2F
1-1: SINGLE (Groundball, 4MD, EV 95.6 MPH)
Batting: RHB Seth Meinhart 0-0: Ball
1-0: Fly out, F7 (Flyball, 78M, EV 78.1 MPH)
Top of the 7th over - 0 runs, 1 hit, 0 errors, 1 left on base; Charleston 1 - Eagle River 3
BOTTOM OF THE 7TH
Eagle River Fat Boys batting - Pitching for Charleston Rebels : RHP Payton Goodwin
Batting: RHB Melville Axon 0-0: Swinging Strike
0-1: Foul Ball, location: 2F
0-2: Foul Ball, location: 2F
0-2: Ball
1-2: Foul Ball, location: 2F
1-2: Ball
2-2: Foul Ball, location: 2F
2-2: Strikes out swinging
Batting: RHB Phil Radil 0-0: Fly out, F8 (Flyball, 8LM, EV 83.8 MPH)
Batting: LHB Logan Devlin 0-0: Ball
1-0: Fly out, F9 (Flyball, 89M, EV 87.5 MPH)
Bottom of the 7th over - 0 runs, 0 hits, 0 errors, 0 left on base; Charleston 1 - Eagle River 3
TOP OF THE 8TH
Charleston Rebels batting - Pitching for Eagle River Fat Boys : RHP Sylvester Kim
Batting: RHB Killian Gachukia 0-0: SINGLE (Flyball, 4D, EV 91.2 MPH)
Batting: RHB Nathaniel Wade 0-0: SINGLE (Groundball, 15S, EV 66.2 MPH) (infield hit)
Killian Gachukia to second
Batting: LHB Devin Clark 0-0: Sac Bunt to 5S - play at first, batter OUT! 5-3
Killian Gachukia to third
Nathaniel Wade to second
Batting: LHB Felton Kirt 0-0: Called Strike
0-1: Ball
1-1: Fly out, F8 (Flyball, 89D, EV 83.8 MPH)
Runner from 3rd tags up, SCORES, throw by CF
Nathaniel Wade to third
Pitching: LHP Bailey Grundy
Batting: RHB Marcus Fahr 0-0: Ball
1-0: Called Strike
1-1: Ball
2-1: Ball
3-1: Base on Balls
Batting: RHB Quinton Powell 0-0: Called Strike
0-1: Ball
1-1: Fielders Choice at 2nd, 6-4 (Groundball, 56, EV 88.8 MPH)
Top of the 8th over - 1 run, 2 hits, 0 errors, 2 left on base; Charleston 2 - Eagle River 3
BOTTOM OF THE 8TH
Eagle River Fat Boys batting - Pitching for Charleston Rebels : RHP Payton Goodwin
Batting: RHB Braden Keane 0-0: Ball
1-0: Foul Ball, location: 2F
1-1: Ball
2-1: Fly out, F2 (Popup, 2LF, EV 91.2 MPH)
Batting: SHB Stanford Morris 0-0: Ball
1-0: Ball
2-0: Foul Ball, location: 2F
2-1: Called Strike
2-2: Strikes out swinging
Batting: RHB Corey Benson 0-0: Swinging Strike
0-1: Ball
1-1: Called Strike
1-2: Strikes out swinging
Bottom of the 8th over - 0 runs, 0 hits, 0 errors, 0 left on base; Charleston 2 - Eagle River 3
TOP OF THE 9TH
Charleston Rebels batting - Pitching for Eagle River Fat Boys : LHP Bailey Grundy
Now at 1B: Donovan Doyle
Now in LF: Brent Jacobs
Now in RF: Logan Devlin
Batting: LHB Nicholas Murphy 0-0: Swinging Strike
0-1: Called Strike
0-2: Strikes out swinging
Batting: LHB Roman Averette 0-0: SOLO HOME RUN (Flyball, 9LD, EV 95.0 MPH), Distance : 337 ft
Batting: RHB Seth Meinhart 0-0: Called Strike
0-1: Ball
1-1: Ball
2-1: Foul Ball, location: 2F
2-2: Hit by Pitch
Batting: RHB Killian Gachukia 0-0: Ball
1-0: Ball
2-0: Foul Ball, location: 2F
2-1: Ball
3-1: Base on Balls
Seth Meinhart to second
Batting: RHB Nathaniel Wade 0-0: Fly out, F3 (Popup, 34, EV 74.4 MPH)
Batting: LHB Devin Clark 0-0: Ball
1-0: Ball
2-0: Ball
3-0: Called Strike
3-1: Called Strike
3-2: Ground out 6-3 (Groundball, 6, EV 78.1 MPH)
Top of the 9th over - 1 run, 1 hit, 0 errors, 2 left on base; Charleston 3 - Eagle River 3
BOTTOM OF THE 9TH
Eagle River Fat Boys batting - Pitching for Charleston Rebels : RHP Payton Goodwin
Batting: LHB Ben Brock 0-0: Called Strike
0-1: Swinging Strike
0-2: Ball
1-2: Strikes out swinging
Pinch Hitting: LHB Bailey Eubank 0-0: Called Strike
0-1: SINGLE (Groundball, 4MD, EV 93.8 MPH)
Pitching: RHP Ammon Ortiz
Batting: RHB Andy Hall 0-0: Ball
1-0: SINGLE (Groundball, 25, EV 66.9 MPH) (infield hit)
Bailey Eubank to second
Batting: RHB Melville Axon 0-0: Ball
1-0: Called Strike
1-1: Ball
2-1: Foul Ball, location: 2F
2-2: Strikes out swinging
Batting: RHB Phil Radil 0-0: Ball
1-0: Ball
2-0: SINGLE (Line Drive, 7S, EV 86.2 MPH)
Bailey Eubank to third
Andy Hall to second
Runner from 3rd tries for Home, throw by LF and OUT! 7-2
Bottom of the 9th over - 0 runs, 3 hits, 0 errors, 2 left on base; Charleston 3 - Eagle River 3
TOP OF THE 10TH
Charleston Rebels batting - Pitching for Eagle River Fat Boys : LHP Bailey Grundy
Now at 1B: Bailey Eubank
Pinch Hitting: RHB Jarred Franklin 0-0: Called Strike
0-1: Called Strike
0-2: Ball
1-2: Ball
2-2: Foul Ball, location: 2F
2-2: Ball
3-2: Base on Balls
Pitching: RHP DeQuon Kambhampati
Batting: RHB Marcus Fahr 0-0: Called Strike
0-1: Swinging Strike
0-2: Strikes out swinging
Batting: LHB Chase Leyendecker 0-0: Ball
1-0: Fielders Choice at 2nd, 4-6 (Groundball, 4M, EV 78.8 MPH)
Pitching: LHP Carter Moss
Batting: LHB Nicholas Murphy 0-0: Ball
1-0: Ball
2-0: Called Strike
2-1: Ball
3-1: Called Strike
3-2: Fly out, F7 (Flyball, 7D, EV 104.4 MPH)
Top of the 10th over - 0 runs, 0 hits, 0 errors, 1 left on base; Charleston 3 - Eagle River 3
BOTTOM OF THE 10TH
Eagle River Fat Boys batting - Pitching for Charleston Rebels : RHP Ammon Ortiz
Pitching: LHP Terrance Cullen
Now in CF: Benardrick Bajraktari
Batting: LHB Logan Devlin 0-0: Called Strike
0-1: Ball
1-1: Ball
2-1: Swinging Strike
2-2: Ball
3-2: Ground out 5-3 (Groundball, 56, EV 86.9 MPH)
Batting: RHB Braden Keane 0-0: Called Strike
0-1: Ball
1-1: TRIPLE (Flyball, 78XD, EV 106.2 MPH)
Batting: SHB Brent Jacobs 0-0: Swinging Strike
0-1: Called Strike
0-2: Strikes out swinging
Batting: RHB Corey Benson 0-0: Intentional Walk
Pinch Hitting: RHB Alec Argenziano 0-0: Ball
1-0: Ball
2-0: Ball
3-0: Base on Balls
Corey Benson to second
Batting: LHB Bailey Eubank 0-0: Ball
1-0: SINGLE (Groundball, 4M, EV 98.1 MPH) (infield hit)
Braden Keane scores
Bottom of the 10th over - 1 run, 2 hits, 0 errors, 2 left on base; Charleston 3 - Eagle River 4
Saturday, April 27th , 2024 - OOTP Baseball 23.10 Build 110